 Dungeon Crawl Stone Soup version 0.20.0-15-g7f486f2 (webtiles) character file.

6180 polve the Carver (level 10, -7/59 HPs)
             Began as a Vine Stalker Fighter on July 1, 2017.
             Was a Follower of Uskayaw.
             Mangled by a seven-headed hydra (11 damage)
             ... on level 10 of the Dungeon.
             The game lasted 00:10:31 (8154 turns).

polve the Carver (Vine Stalker Fighter)             Turns: 8154, Time: 00:10:32

Health: -7/59      AC: 18    Str: 18    XL:     10   Next: 91%
Magic:  0/11       EV:  9    Int: 10    God:    Uskayaw [*.....]
Gold:   653        SH: 10    Dex: 22    Spells: 9/9 levels left

rFire    + + .     SeeInvis .   a - +0 long sword
rCold    + + .     Gourm    .   c - +0 shield
rNeg     . . .     Faith    .   z - +10 scale mail of Ytoadeag {-Tele rF+ rC+++ Dex+2}
rPois    .         Spirit   +   v - +2 hat
rElec    .         Reflect  .   (no cloak)
rCorr    .         Harm     .   (no gloves)
MR       +....     NoTele   +   (no boots)
Stlth    ++........             (no amulet)
Regen    1.0/turn               i - +2 ring of evasion
MPRegen  0.2/turn               C - ring of fire

@: flying, slowed, very slow
A: fangs 3, agile 1, blurry vision 1, clever 1, regeneration 2, magic shield,
antimagic bite, no potion heal 3, rot immunity, subdued magic 1
a: Stomp, Renounce Religion


You were on level 10 of the Dungeon.
You worshipped Uskayaw.
Uskayaw was noncommittal.
You were hungry.

You visited 2 branches of the dungeon, and saw 11 of its levels.

You collected 681 gold pieces.
You spent 28 gold pieces at shops.

Inventory:

Hand Weapons
 a - a +0 long sword (weapon)
Armour
 c - a +0 shield (worn)
 v - a +2 hat (worn)
 z - the +10 scale mail of Ytoadeag (worn) {-Tele rF+ rC+++ Dex+2}
   (You found it on level 6 of the Dungeon)

   It affects your dexterity (+2).
   It protects you from fire.
   It renders you almost immune to cold.
   It prevents most forms of teleportation.
Jewellery
 i - a +2 ring of evasion (left hand)
 p - an uncursed ring of flight
 C - a ring of fire (right hand)
Wands
 o - a wand of clouds (6/9)
 r - a wand of lightning (5/15)
 w - a wand of disintegration (13/24)
 D - a wand of lightning (10/15)
Scrolls
 b - 5 scrolls of identify
 k - 3 scrolls of enchant armour
 l - 3 scrolls of immolation
 q - a scroll of fear {unknown}
 s - 2 scrolls of remove curse
 t - a scroll of blinking {unknown}
 y - 2 scrolls of amnesia {unknown}
 E - a scroll of summoning {unknown}
 F - a scroll of teleportation {unknown}
Potions
 d - 3 potions of flight
 e - a potion of heal wounds {unknown}
 g - 8 potions of brilliance
 h - 2 potions of cancellation {unknown}
 m - 6 potions of curing
 x - a potion of mutation {unknown}
 A - a potion of might
 B - a potion of magic {unknown}
Books
 u - a book of Conjurations

   Spells                             Type                      Level
   a - Magic Dart                     Conjuration                  1
   b - Searing Ray                    Conjuration                  2
   c - Dazzling Spray                 Conjuration/Hexes            3
   d - Fulminant Prism                Conjuration/Hexes            4
   e - Force Lance                    Conjuration/Translocation    4
   f - Iskenderun's Mystic Blast      Conjuration                  4
Comestibles
 f - 9 bread rations
 j - 3 royal jellies
 n - 4 meat rations


   Skills:
 - Level 10.0 Fighting
 + Level 10.9 Long Blades
 - Level 2.4 Armour
 + Level 4.2 Stealth
 - Level 2.6 Shields


You had 9 spell levels left.
You didn't know any spells.

Dungeon Overview and Level Annotations

Branches:
Dungeon (10/15)            Temple (1/1) D:5
   Lair: D:8-11         Orc: D:9-12

Altars:
Ashenzari
Cheibriados
Dithmenos
Elyvilon
Fedhas
Gozag
Hepliaklqana
Kikubaaqudgha
Makhleb
Nemelex Xobeh
Okawaru
Qazlal
Ru
Sif Muna
Trog
Uskayaw
Vehumet
Xom
Yredelemnul
Zin
The Shining One

Shops:
D:10 *

Annotations:
D:10 Erica


Innate Abilities, Weirdness & Mutations

You have razor-sharp teeth.
You heal very quickly.
When hurt, damage is shared between your health and your magic reserves.
Your bite disrupts and absorbs the magic of your enemies.
Potions cannot restore your health.
You are immune to rotting.
You are agile. (Dex +2)
Scrolls take you a little longer to read.
Your mind is acute. (Int +2)
Your spells are a little easier to cast, but a little less powerful.


Message History

You hear some strange, mumbled words.
A bolt of poison appears from out of thin air!
The bolt of poison misses you.
Found a blossoming altar of Fedhas.
You can no longer pass through a line of other dancers.
The seven-headed hydra bites you!
* * * LOW HITPOINT WARNING * * *
The seven-headed hydra closely misses you.
The seven-headed hydra bites you but does no damage.
The seven-headed hydra barely misses you.
The seven-headed hydra bites you but does no damage.
You block the seven-headed hydra's attack.
The seven-headed hydra bites you but does no damage.
Something hits you but does no damage.
Found a runed short sword.
The seven-headed hydra bites you.
* * * LOW HITPOINT WARNING * * *
You block the seven-headed hydra's attack. x2
The seven-headed hydra bites you!
You die...

##...####..#
#............ #...
#..####............
#..................
..................
####.............
#)............
#.............
#.####D...$........
#....@...........?.
..........<.........
.............######
.####...P.P..#
#...._...#
#...P.P..#
#..).......
#..........


You could see a seven-headed hydra.

Vanquished Creatures
  A two-headed ogre (D:9)
  2 hippogriffs
  Sigmund (D:6)
  4 yaks (D:9)
  2 water moccasins
  2 sky beasts
  2 orc warriors (D:6)
  2 phantoms (D:10)
  5 ice beasts
  2 black bears
  6 ogres
  Blork the orc (D:5)
  3 big kobolds
  The ghost of Zachthehappycat the Charlatan, an amateur SpAr of Elyvilon (D:3)
  6 bullfrogs
  A gnoll sergeant (D:7)
  12 killer bees (D:9)
  4 howler monkeys
  3 crimson imps
  A centaur zombie (D:5)
  A bullfrog zombie (D:5)
  3 orc priests
  5 hounds
  4 jellies
  A centaur skeleton (D:10)
  2 worker ants
  An iguana (D:10)
  8 orc wizards
  Robin (D:4)
  8 adders
  9 gnolls
  3 shadow imps
  3 adder skeletons
  A worm (D:2)
  A dart slug (D:2)
  5 leopard geckos
  15 orcs
  6 bats
  8 giant cockroaches
  17 goblins
  9 hobgoblins
  8 jackals
  2 quokkas (D:3)
  4 ball pythons
  4 frilled lizards
  19 kobolds
  5 rats
214 creatures vanquished.

Notes
Turn   | Place    | Note
-------+----------+-------------------------------------------
     0 | D:1      | polve the Vine Stalker Fighter began the quest for the Orb.
     0 | D:1      | Reached XP level 1. HP: 11/11 MP: 2/2
   130 | D:1      | Reached XP level 2. HP: 16/16 MP: 3/3
   511 | D:1      | Reached XP level 3. HP: 16/20 MP: 2/4
  1294 | D:2      | Gained mutation: Your natural rate of healing is unusually fast. [Vine Stalker growth]
  1294 | D:2      | Reached XP level 4. HP: 20/24 MP: 5/5
  2528 | D:3      | Noticed an ogre
  2542 | D:3      | Killed an ogre
  2542 | D:3      | Reached XP level 5. HP: 17/30 MP: 2/6
  2576 | D:3      | Noticed Zachthehappycat's ghost (amateur SpAr)
  2589 | D:3      | Killed Zachthehappycat's ghost
  2589 | D:3      | Reached XP level 6. HP: 33/34 MP: 7/7
  2874 | D:4      | Noticed Robin
  2906 | D:4      | Killed Robin
  2966 | D:4      | Reached skill level 5 in Fighting
  3286 | D:5      | Entered Level 5 of the Dungeon
  3300 | D:4      | Reached XP level 7. HP: 11/39 MP: 2/8
  3437 | D:5      | Got a pair of jewelled gloves
  3447 | D:5      | Found a staircase to the Ecumenical Temple.
  3537 | D:5      | Reached skill level 5 in Long Blades
  3945 | D:5      | Noticed Blork the orc
  3954 | D:5      | Killed Blork the orc
  4111 | D:5      | Gained mutation: You have razor-sharp teeth. [Vine Stalker growth]
  4111 | D:5      | Reached XP level 8. HP: 24/44 MP: 4/9
  4273 | D:6      | Noticed Sigmund
  4284 | Temple   | Entered the Ecumenical Temple
  4375 | Temple   | Became a worshipper of Uskayaw the Reveler
  4433 | D:6      | Reached * piety under Uskayaw
  4445 | D:6      | Reached ** piety under Uskayaw
  4458 | D:6      | Reached *** piety under Uskayaw
  4460 | D:6      | Reached **** piety under Uskayaw
  4464 | D:6      | Reached ***** piety under Uskayaw
  4484 | D:6      | Got a steaming scale mail
  4495 | D:6      | Identified the +10 scale mail of Ytoadeag {-Tele rF+ rC+++ Dex+2} (You found it on level 6 of the Dungeon)
  4501 | D:6      | Identified the cursed -5 pair of gloves of Impermeability {rPois rF++ Slay-3} (You found it on level 5 of the Dungeon)
  4582 | D:6      | Killed Sigmund
  4703 | D:6      | Reached XP level 9. HP: 50/50 MP: 10/10
  6331 | D:8      | Reached XP level 10. HP: 58/58 MP: 11/11
  6653 | D:8      | You fall through a shaft!
  7449 | D:9      | Reached skill level 10 in Fighting
  7489 | D:9      | Noticed a two-headed ogre
  7500 | D:9      | Killed a two-headed ogre
  7500 | D:9      | Reached skill level 10 in Long Blades
  7570 | D:9      | Gained mutation: You heal very quickly. [mutagenic meat]
  7572 | D:9      | Gained mutation: You are agile. (Dex +2) [mutagenic meat]
  7573 | D:9      | Gained mutation: Your mind is acute. (Int +2) [mutagenic meat]
  7658 | D:9      | Reached skill level 1 in Stealth
  7974 | D:10     | Entered Level 10 of the Dungeon
  7997 | D:10     | Found Owaycweng's Assorted Antiques.
  8089 | D:10     | Bought a scroll labeled WUMAKHUNIO for 28 gold pieces
  8103 | D:10     | Gained mutation: Your spells are a little easier to cast, but a little less powerful. [mutagenic meat]
  8104 | D:10     | Gained mutation: Scrolls take you a little longer to read. [mutagenic meat]
  8134 | D:10     | Noticed Erica
  8145 | D:10     | Noticed a seven-headed hydra
  8151 | D:10     | Found a blossoming altar of Fedhas.
  8154 | D:10     | Mangled by a seven-headed hydra

Skill      XL: |  1  2  3  4  5  6  7  8  9 10 |
---------------+-------------------------------+-----
Long Blades    | 2 3 4 5 7 9 10 | 10.9
Fighting       | 3 4 5 6 7 9 10 | 10.0
Stealth        | 4 |  4.2
Armour         | |  2.4
Shields        | |  2.6

Action                   |  1- 3 |  4- 6 |  7- 9 | 10-12 || total
-------------------------+-------+-------+-------+-------++-------
Melee: Long sword        |    84 |   143 |   304 |   171 ||   702
       Bite              |    19 |    44 |   130 |    83 ||   276
  Use: Potion            |       |     1 |     1 |     1 ||     3
       Scroll            |       |       |     7 |       ||     7
 Stab: Paralysed         |       |       |     7 |     6 ||    13
       Sleeping          |       |       |       |     1 ||     1
  Eat: Chunk             |     1 |     7 |    10 |     7 ||    25
       Fruit             |       |       |       |     3 ||     3
       Royal jelly       |       |       |       |     1 ||     1
Armor: Scale mail        |    31 |    78 |   141 |   116 ||   366
Dodge: Dodged            |    25 |    86 |   104 |    66 ||   281
Block: Shield            |    45 |    76 |   149 |   129 ||   399
       Rpst.: Long sword |     3 |    33 |    29 |    15 ||    80
